AoeStats
← DanV0123

Arabia

510126075Analyzed
1v1 RM · 3d ago on Sep 29, 2026· 47m 52s· 2 players
Game mode
Random Map
Map size
Tiny (2 player)
Population
200
Speed
Normal
Resources
Standard
Victory
Conquest
Starting age
Dark Age
Ending age
Imperial Age
RankedLock teamsTeams togetherTeam positionsShared explorationLock speedFull tech treeHidden civsTurbo modeCheats
Victory
Defeat
🇺🇸 Japanese · United States
1147
+15
🇪🇸 Franks · Spain
1121
-15
DodgeViper97410
8:58 Feudal Age
9:38 Man-at-Arms
11:28 Loom
11:48 Arson
16:18 Double-Bit Axe
23:26 Castle Age
23:26 Scale Mail Armor
24:27 Squires
24:35 Long Swordsman
27:00 Pikeman
28:19 Horse Collar
32:31 Fletching
41:43 Wheelbarrow
41:35 Bodkin Arrow
44:44 Imperial Age
43:05 Chain Mail Armor
43:44 Forging
45:50 Iron Casting
45:56 Conscription
48:31 Plate Mail Armor
49:03 Blast Furnace
DanV0123
6:59 Loom
9:43 Feudal Age
11:12 Double-Bit Axe
15:13 Wheelbarrow
15:28 Wheelbarrow
25:35 Castle Age
24:33 Forging
24:29 Scale Barding Armor
24:36 Gold Mining
28:40 Bow Saw
29:36 Iron Casting
30:07 Husbandry
32:21 Stone Mining
36:53 Gold Shaft Mining
36:41 Chain Barding Armor
38:48 Crossbowman
48:17 Imperial Age
Connection lost

Rejoining the realm…

Still unreachable

The connection could not be restored.

Session expired

The server has moved on; the page needs a fresh start.